 Dungeon Crawl Stone Soup version 0.29.0-13-gc9e81de378 (webtiles) character file.

Game seed: 13048085883707419279

14 Strat the Digger (level 2, 0/23 HPs)
             Began as a Meteoran Earth Elementalist on Sept 10, 2022.
             Slain by a scorpion (1 damage)
             ... on level 2 of the Dungeon.
             The game lasted 00:02:40 (598 turns).

Strat the Digger (Meteoran Earth Elementalist)       Turns: 598, Time: 00:02:41

Health: 0/23       AC:  4    Str:  9    XL:     2   Next: 82%
Magic:  1/6        EV:  9    Int: 16    God:
Gold:   88         SH:  0    Dex: 14    Spells: 3/6 levels left

rFire   . . .      SeeInvis .   i - +0 dagger
rCold   . . .      Faith    .   (no shield)
rNeg    . . .      Spirit   .   a - +0 robe
rPois   .          Reflect  .   (no helmet)
rElec   .          Harm     .   (no cloak)
rCorr   .          Rampage  .   h - +0 pair of gloves
Will    .....                   f - +0 pair of boots
Stlth   +.........              (no amulet)
HPRegen 0.07/turn               (no ring)
MPRegen 0.10/turn               (no ring)

@: lethally poisoned (0 -> -12), glowing, constricted
A: sense surroundings 1, otherworldly, glowing, explore regen
a: no special abilities


You were on level 2 of the Dungeon.
You visited 1 branch of the dungeon, and saw 2 of its levels.

You collected 88 gold pieces.

Inventory:

Hand Weapons
 i - a +0 dagger (weapon)
Armour
 a - a +0 robe (worn)
 f - a +0 pair of boots (worn)
 h - a +0 pair of gloves (worn)
Scrolls
 d - a scroll of noise {unknown}
Potions
 b - a potion of magic
 c - a potion of lignification {unknown}
 e - a potion of degeneration {unknown}
 g - a potion of ambrosia {unknown}
 j - a potion of flight {unknown}


   Skills:
 + Level 1.1 Fighting
 - Level 2.4 Dodging
 - Level 1.4 Stealth
 - Level 2.6 Spellcasting
 - Level 1.2 Transmutations
 * Level 4.3 Earth Magic


You had 3 spell levels left.
You knew the following spells:

 Your Spells              Type           Power      Damage    Failure   Level
a - Sandblast             Erth           32%        2d9       3%          1
b - Passwall              Tmut/Erth      9%         N/A       10%         2

Your spell library contained the following spells:

 Spells                   Type           Power      Damage    Failure   Level
 Stone Arrow              Conj/Erth      18%        3d8       24%         3
 Portal Projectile        Hex/Tloc       4%         N/A       50%         3
 Tukima's Dance           Hex            2%         N/A       50%         3
 Petrify                  Tmut/Erth      11%        N/A       52%         4
 Blade Hands              Tmut           3%         N/A       97%         5


Dungeon Overview and Level Annotations

Branches:
Dungeon (2/15) Zot: 588

Altars:


Innate Abilities, Weirdness & Mutations

You passively map a small area around you.
You are easily found by Zot.
You glow in the dark.
You regain HP and MP as you explore.


Message History

The ball python constricts you.
* * * LOW HITPOINT WARNING * * *
The rat barely misses you. The scorpion stings you.
* * * LOW HITPOINT WARNING * * *
The giant cockroach bites you.
* * * LOW HITPOINT WARNING * * *
The ball python closely misses you. The ball python constricts you.
The rat bites you but does no damage. The giant cockroach barely misses you.
The scorpion barely misses you.
Casting: Sandblast (safe; 3% risk of failure)
Confirm with . or Enter, or press ? or * to list all spells.
Aiming: Sandblast (safe; 3% risk of failure)
Press: ? - help, Shift-Dir - straight line, f/p - scorpion
Aim: a scorpion (moderately wounded, 82% to hit)
The blast of sand misses the scorpion.
The ball python bites you but does no damage.
The ball python constricts you. The scorpion closely misses you.
The giant cockroach bites you but does no damage.
The rat bites you.
* * * LOW HITPOINT WARNING * * *
The ball python bites you.
* * * LOW HITPOINT WARNING * * *
The ball python constricts you.
* * * LOW HITPOINT WARNING * * *
Casting: Sandblast (safe; 3% risk of failure)
Confirm with . or Enter, or press ? or * to list all spells.
Aiming: Sandblast (safe; 3% risk of failure)
Press: ? - help, Shift-Dir - straight line, f/p - scorpion
Aim: a scorpion (moderately wounded, 82% to hit)
The blast of sand hits the scorpion.
The scorpion is heavily wounded.
The scorpion stings you.
* * * LOW HITPOINT WARNING * * *
You are lethally poisoned!
The scorpion poisons you! The giant cockroach closely misses you.
The rat bites you but does no damage. The ball python misses you.
The ball python constricts you.
* * * LOW HITPOINT WARNING * * *
The scorpion stings you.
You die...

..#....###..<.......###...... ,
, ..#.....)....................
, , ..#......#...#............ #
..###...............#.....
.......................... .# #,
..###....###.......########.#.#
..,.......................#.#.#.
.#............SB..(...........
#............@r..............,
,,.........s.............# * ,
.#.......................
,#.........<......#.# ...
..........######.#.#....
........................
...........#####..#..... ,,
...........# ##>......
,......<...# *.......


You could see a scorpion, a giant cockroach, a ball python and a rat.

Vanquished Creatures
  A ball python (D:1)
  A bat (D:2)
  2 endoplasms
  3 giant cockroaches (D:2)
  A goblin (D:1)
  A hobgoblin (D:1)
  A quokka (D:1)
  A kobold (D:2)
11 creatures vanquished.

Vanquished Creatures (others)
  A plant (D:2)
1 creature vanquished.

Grand Total: 12 creatures vanquished

Notes
Turn   | Place    | Note
-------+----------+-------------------------------------------
     0 | D:1      | Strat the Meteoran Earth Elementalist began the quest for
                  | the Orb.
     0 | D:1      | Reached XP level 1. HP: 14/14 MP: 5/5
   183 | D:1      | Reached skill level 4 in Earth Magic
   183 | D:1      | Reached XP level 2. HP: 22/22 MP: 3/6
   188 | D:1      | Learned a level 2 spell: Passwall
   211 | D:1      | Found a faded altar of an unknown god.
   480 | D:2      | Reached skill level 1 in Fighting
   565 | D:2      | Noticed a scorpion
   598 | D:2      | HP: 1/23 [constriction (1)]
   598 | D:2      | Slain by a scorpion

Illustrated notes

Levels and vault maps discovered:
D:1:      mrwooster_arrival_statue, layout_loops_ring,
          shapermc_ecumenical_altar_notcrosses, chequers_avenue, minmay_3d_cube
D:2:      layout_basic, nicolae_grassy_gnolls

Skill      XL: |  1  2 |
---------------+-------+-----
Earth Magic    | 4 |  4.3
Fighting       | 1 |  1.1
Dodging        | |  2.4
Stealth        | |  1.4
Spellcasting   | |  2.6
Transmutations | |  1.2

Action                   || total
-------------------------++-------
Melee: Dagger            ||     7
       Punch             ||     1
 Cast: Sandblast         ||    25
Armor: Robe              ||    28
Dodge: Dodged            ||    37
